 Dungeon Crawl Stone Soup version 0.31-a0-640-g39d97e502b (webtiles) character file.

Game seed: 5444713832032836524

2561 avis the Cleaver (level 9, -6/81 HPs)
             Began as a Hill Orc Monk on Aug 27, 2023.
             Mangled by a troll (7 damage)
             ... on level 5 of the Dungeon.
             The game lasted 00:34:05 (6357 turns).

avis the Cleaver (Hill Orc Monk)                    Turns: 6357, Time: 00:34:05

Health: -6/81      AC:  9    Str: 18    XL:     9   Next: 56%
Magic:  9/9        EV:  8    Int: 10    God:
Gold:   342        SH:  0    Dex: 13    Spells: 8/8 levels left

rFire   . . .        a - +3 hand axe
rCold   . . .        d - orb {light}
rNeg    . . .        y - +0 chain mail
rPois   .            c - +0 helmet
rElec   .            (no cloak)
rCorr   .            (no gloves)
SInv    +            (no boots)
Will    .....        (no amulet) Stlth
                     M - ring of see invisible
HPRegen 0.33/turn    (no ring)
MPRegen 0.11/turn

%: no passive effects
@: mighty, glowing
A: no striking features
a: no special abilities


You were on level 5 of the Dungeon.
You visited 1 branch of the dungeon, and saw 6 of its levels.
You also visited: Sewer.

You collected 342 gold pieces.

Inventory:

Hand Weapons
 a - a +3 hand axe (weapon)
 b - a +0 sling
 o - a +0 trident
 s - a +2 long sword of protection
 w - a +0 spear
 x - a +0 hand axe
 C - a +0 trident
 J - a +0 trident
 O - a +0 spear
 Q - a +0 spear
 S - a +0 war axe
 T - a +0 scythe
Missiles
 l - 33 stones
 u - 3 poisoned darts (quivered)
 F - a boomerang
 R - a throwing net
Armour
 c - a +0 helmet (worn)
 d - an orb of light (worn)
 q - a +2 leather armour of positive energy
 y - a +0 chain mail (worn)
 z - a +0 chain mail
 I - a +0 chain mail
 K - a +0 chain mail
Jewellery
 M - a ring of see invisible (left hand)
 N - a ring of see invisible
Wands
 P - a wand of digging (3)
Scrolls
 e - a scroll of revelation {unknown}
 f - 3 scrolls of identify {unknown}
 g - a scroll of fear {unknown}
 h - a scroll of immolation {unknown}
 n - a scroll of silence {unknown}
 p - 3 scrolls of blinking {unknown}
 A - a scroll of fog {unknown}
 B - 2 scrolls of teleportation {unknown}
 L - a scroll of enchant armour {unknown}
Potions
 i - 2 potions of cancellation {unknown}
 j - 3 potions of might
 k - 3 potions of heal wounds {unknown}
 m - 2 potions of lignification {unknown}
 r - 2 potions of invisibility {unknown}
 t - 2 potions of brilliance {unknown}
 v - a potion of mutation {unknown}
 D - a potion of enlightenment {unknown}
 E - a potion of haste {unknown}
 G - a potion of resistance {unknown}
 H - a potion of experience {unknown}
 U - a potion of degeneration {unknown}


   Skills:
 + Level 8.2 Fighting
 * Level 14.7 Axes
 - Level 2.4 Dodging


You had 8 spell levels left.
You didn't know any spells.
Your spell library was empty.

Dungeon Overview and Level Annotations

Branches:
Dungeon (6/15)              Sewer (visited)
 Temple: D:4-7

Altars:
Fedhas
Yredelemnul


Message History

You feel sick. The scorpion barely misses you.
You hit the scorpion.
The scorpion is almost dead.
You feel sick. The scorpion stings you.
You slash the scorpion!
You kill the scorpion!
You feel sick.
You start resting.
You feel sick. x6
You are no longer poisoned.
You start resting.
HP restored.
You climb downwards.
The troll bites you but does no damage. The troll claws you but does no damage.
The troll claws you!
The orc warrior hits you from afar with a +0 glaive!
The boulder beetle bites you but does no damage.
There is a stone staircase leading up, spattered with blood here.
The troll barely misses you. x2; The troll claws you.
The orc warrior hits you from afar with a +0 glaive.
The boulder beetle bites you!
You climb upwards.
There is a stone staircase leading down here.
The boulder beetle curls into a ball and begins rolling!
You see here a scorpion corpse.
The troll attacks as it pursues you! The troll bites you!
The troll claws you but does no damage. x2; The boulder beetle hits you!!
* * * LOW HITPOINT WARNING * * *
The boulder beetle stops rolling and uncurls.
The troll attacks as it pursues you! The troll bites you but does no damage.
The troll closely misses you. The troll barely misses you.
Items here: )))).
Okay, then.
Okay, then.
Okay, then.
Okay, then.
It was a potion of might.
You feel very mighty all of a sudden. The troll bites you!
* * * LOW HITPOINT WARNING * * *
The troll claws you!
You die...

##.#..#.###..†##.# #........###
.###.#..#.###.##.#####.########
...###.#..#.#'##.>.....#
##...###......##†[######
.##..##.#..#.##..##
....##.#..#.###..#
#..##.#..#.##.##B#
..##.#..#.##.[##T#
.##.#..#.##..###@#
##.#..#.##....#..#
#.#..#.##..##.#..###
.#..#.##....###....#
#..#.##..##...#.#..####
....###...###.#[##....###
.#..#.###...#######.#...#
##.#..#.###...# #...#.#
.###.#..#.###.###
###.#.########


You could see a boulder beetle and a troll.

Vanquished Creatures
  Sigmund (D:6)
  A steam dragon (D:6)
  2 water moccasins (D:5)
  Pargi (D:3)
  2 ice beasts
  A sky beast (D:5)
  A black bear (D:5)
  An ogre (D:3)
  2 phantoms
  7 scorpions (D:5)
  A howler monkey (D:5)
  6 hounds (D:5)
  7 jellies
  A gnoll bouda (D:5)
  Terence (D:3)
  2 sleepcaps
  4 iguanas (D:5)
  15 adders
  3 gnolls
  4 river rats (Sewer)
  A shadow imp (D:5)
  2 ufetubi
  5 worms
  2 dart slugs
  11 orcs
  7 ball pythons
  2 bats (D:2)
  14 endoplasms
  2 giant cockroaches
  8 goblins
  6 hobgoblins
  4 jackals (D:3)
  5 kobolds
  4 quokkas
  8 frilled lizards
  13 rats
157 creatures vanquished.

Notes
Turn   | Place    | Note
-------+----------+-------------------------------------------
     0 | D:1      | avis the Hill Orc Monk began the quest for the Orb.
     0 | D:1      | Reached XP level 1. HP: 19/19 MP: 1/1
   219 | D:1      | Reached XP level 2. HP: 21/26 MP: 2/2
   602 | D:1      | Reached skill level 5 in Axes
  1229 | D:2      | Reached XP level 3. HP: 33/33 MP: 3/3
  1390 | D:1      | Reached skill level 6 in Axes
  1419 | D:1      | Reached XP level 4. HP: 31/40 MP: 4/4
  2351 | D:3      | Reached skill level 7 in Axes
  2351 | D:3      | Reached XP level 5. HP: 39/46 MP: 5/5
  2561 | D:3      | Noticed an ogre
  2568 | D:3      | Killed an ogre
  2814 | D:3      | Found a basalt altar of Yredelemnul.
  2815 | D:3      | Noticed Terence
  2831 | D:3      | Killed Terence
  2832 | D:3      | Reached skill level 8 in Axes
  2832 | D:3      | Reached XP level 6. HP: 37/53 MP: 6/6
  2938 | D:3      | Noticed Pargi
  2951 | D:3      | Killed Pargi
  2952 | D:3      | Reached skill level 5 in Fighting
  3200 | D:3      | Reached skill level 9 in Axes
  3334 | D:4      | Reached XP level 7. HP: 59/61 MP: 7/7
  3695 | D:5      | Entered Level 5 of the Dungeon
  3722 | D:5      | Found a glowing drain.
  3731 | Sewer    | Entered a sewer
  4113 | Sewer    | Found a viscous altar of Jiyva.
  4182 | Sewer    | Reached skill level 10 in Axes
  4414 | D:5      | Reached skill level 11 in Axes
  4414 | D:5      | Reached XP level 8. HP: 70/70 MP: 8/8
  4571 | D:5      | Reached skill level 12 in Axes
  5014 | D:5      | Found a blossoming altar of Fedhas.
  5038 | D:5      | Reached skill level 13 in Axes
  5041 | D:5      | Reached XP level 9. HP: 68/79 MP: 9/9
  5318 | D:6      | Noticed a troll
  5524 | D:6      | Noticed Sigmund
  5645 | D:6      | Killed Sigmund
  5646 | D:6      | Reached skill level 14 in Axes
  6132 | D:6      | Noticed a boulder beetle
  6357 | D:5      | HP: 1/81 [troll (7)]
  6357 | D:5      | Mangled by a troll

Illustrated notes

Levels and vault maps discovered:
D:1:      saegor_arrival_simple_a, layout_basic
D:2:      layout_basic
D:3:      layout_basic, yredelemnul_altar_generic, uniq_pargi, uniq_terence
D:4:      layout_cave_pools
D:5:      minmay_razor_zed, layout_rooms, mainiacjoe_overflow_alcove_1,
          portal_sewer_entry_d
D:6:      cheibrodos_fzero, layout_rooms, nicolae_elyvilon_peaceful_grove,
          minmay_fractal_squares_diagonal_5, uniq_sigmund

Skill      XL: |  1  2  3  4  5  6  7  8  9 |
---------------+----------------------------+-----
Axes           | 5 6 7 8 9 11 13 14 | 14.7
Fighting       | 4 5 6 7 8 |  8.2
Dodging        | |  2.4

Action                     |  1- 3 |  4- 6 |  7- 9 || total
---------------------------+-------+-------+-------++-------
  Melee: Hand axe          |    49 |    23 |    87 ||   159
         War axe           |       |    65 |   156 ||   221
   Fire: Sling             |    46 |    45 |   117 ||   208
  Throw: Dart              |       |     4 |     5 ||     9
    Use: Potion            |       |     1 |     1 ||     2
 Armour: Robe              |     3 |       |       ||     3
         Leather armour    |    18 |    34 |    46 ||    98
         Chain mail        |       |       |    33 ||    33
  Dodge: Dodged            |    30 |    68 |   129 ||   227

Table legend: (Time is in decaauts)
 A = Elapsed time spent in this place.
 B = Non-inter-level travel time spent in this place.
 C = Inter-level travel time spent in this place.
 D = Time resting spent in this place.
 E = Time spent auto-exploring this place.
 F = Levels seen in this place.
 G = Mean time per level.
                   A        B        C        D        E       F      G
               +--------+--------+--------+--------+--------+-----+--------+
         Total |   6370 |   5680 |    690 |   1702 |   2244 |   7 |  910.0 |
       Dungeon |   5865 |   5175 |    690 |   1546 |   2205 |   6 |  977.5 |
         Sewer |    505 |    505 |      0 |    156 |     39 |   1 |  505.0 |
               +--------+--------+--------+--------+--------+-----+--------+

Top non-repeatable levels by time:
     D:5: 1969 daAuts
     D:1: 1277 daAuts
     D:3: 1159 daAuts
     D:2: 799 daAuts
   Sewer: 505 daAuts
     D:4: 501 daAuts
     D:6: 159 daAuts
